 Dungeon Crawl Stone Soup version 0.18-a0-1354-gbc5753f (webtiles) character file.

1120 Ratboiler the Archer (level 8, -7/45 HPs)
             Began as a Deep Elf Wanderer on Feb 19, 2016.
             Was a Follower of Dithmenos.
             Killed by divine providence
             ... invoked by an orc priest
              (16 damage)
             ... on level 5 of the Dungeon.
             The game lasted 00:14:27 (6256 turns).

Ratboiler the Archer (Deep Elf Wanderer)            Turns: 6256, Time: 00:14:27

Health: -7/45      AC: 11    Str: 10    XL:     8   Next: 12%
Magic:  10/10      EV:  8    Int: 18    God:    Dithmenos [*.....]
Gold:   238        SH:  0    Dex: 15    Spells: 0 memorised, 7 levels left

rFire  . . .     SeeInvis .     a - +2 short sword (venom)
rCold  . . .     Gourm    .     e - +2 scale mail
rNeg   . . .     Faith    .     (no shield)
rPois  .         Spirit   .     (no helmet)
rElec  .         Dismiss  .     p - +0 cloak
rCorr  .         Reflect  .     h - +0 pair of gloves
SustAt .         Harm     .     (no boots)
MR     .....                    (no amulet)
Stlth  ..........               (no ring)
                                (no ring)

@: wreathed by umbra, not resistant to hostile enchantments, extremely
unstealthy
A: no striking features
a: Renounce Religion


You were on level 5 of the Dungeon.
You worshipped Dithmenos.
Dithmenos was aware of your devotion.
You were hungry.

You visited 1 branch of the dungeon, and saw 5 of its levels.
You also visited: Sewer.

You collected 238 gold pieces.

Inventory:

Hand Weapons
 a - a +2 short sword of venom (weapon)
 b - a +0 shortbow
 k - a +0 whip
 t - a +0 blowgun
Missiles
 c - 53 arrows
 o - 9 poisoned arrows
 s - a throwing net (quivered)
 u - 11 poisoned needles
Armour
 e - a +2 scale mail (worn)
 h - a +0 pair of gloves (worn)
 p - a +0 cloak (worn)
Wands
 D - a wand of enslavement (13/24)
Scrolls
 g - 3 scrolls of fear
 m - a scroll of blinking {unknown}
 q - a scroll of teleportation {unknown}
 y - a scroll of fog {unknown}
Potions
 d - a potion of lignification
 i - a potion of agility
 j - 2 potions of flight
 l - a potion of curing
 r - a potion of magic {unknown}
 v - a potion of brilliance {unknown}
 A - 2 potions of might {unknown}
 B - a potion of degeneration {unknown}
 C - a potion of cancellation {unknown}
Books
 x - a book of Clouds

   Spells                             Type                      Level
   a - Mephitic Cloud                 Conjuration/Poison/Air       3
   b - Conjure Flame                  Conjuration/Fire             3
   c - Poisonous Cloud                Conjuration/Poison/Air       6
   d - Freezing Cloud                 Conjuration/Ice/Air          6
   e - Ring of Flames                 Charms/Fire                  7
Comestibles
 f - 2 bread rations
 w - a beef jerky
 z - a slice of pizza


   Skills:
 + Level 2.9 Fighting
 + Level 10.1 Bows
 + Level 3.6 Armour
 - Level 1.2 Stealth
 - Level 1.1 Evocations


You had 7 spell levels left.
You didn't know any spells.

Dungeon Overview and Level Annotations

Branches:
Dungeon (5/15)
 Temple: D:4-7

Altars:
Dithmenos
Gozag
Pakellas
Qazlal
Yredelemnul


Message History

You closely miss the orc priest.
The orc priest is severely wounded.
The orc priest hits you with a flail of protection.
You hit the orc priest.
The orc priest is almost dead.
You kill the orc priest!
Dithmenos accepts your kill.
The orc priest calls down the wrath of Beogh upon you.
Beogh smites you!
* * * LOW HITPOINT WARNING * * *
Drink which item? (? for menu, Esc to quit)
You feel better.
The orc priest calls down the wrath of Beogh upon you.
Pain shoots through your body!
* * * LOW HITPOINT WARNING * * *
Drink which item? (? for menu, Esc to quit)
Okay, then.
The orc priest calls down the wrath of Beogh upon you.
Beogh smites you!
You die...

...........#>#.......#
#.........#.#.......#
#.........#.#.......#
####+#.#..#.#..<....#
#...#..#.#.......#
########..#.#.......#
..........#.#.......#
#########.# #.......#
#@# #......... #o#
########### ..o.o.oo#
....o#### ..o. ... ..
)


You could see an orc priest and 2 orcs.

Vanquished Creatures
  Grinder (D:3)
  An ogre (D:4)
  5 big kobolds (Sewer)
  An orc priest (D:5)
  2 hounds (D:4)
  An orc wizard (D:4)
  Jessica (D:3)
  A worker ant (D:4)
  8 gnolls
  8 adders
  2 river rats (Sewer)
  8 oozes
  8 worms
  2 giant geckos (D:3)
  7 orcs (D:4)
  8 bats
  6 giant cockroaches
  4 goblins
  6 hobgoblins
  11 jackals
  2 quokkas (D:2)
  5 ball pythons
  6 giant newts
  11 kobolds
  A quokka skeleton (D:5)
  12 rats
128 creatures vanquished.

Notes
Turn   | Place    | Note
--------------------------------------------------------------
     0 | D:1      | Ratboiler the Deep Elf Wanderer began the quest for the Orb.
     0 | D:1      | Ratboiler set off with: a +2 scale mail, a +0 shortbow, 25 arrows, a potion of lignification, a bread ration
     0 | D:1      | Reached XP level 1. HP: 12/12 MP: 3/3
   454 | D:1      | Reached XP level 2. HP: 10/16 MP: 4/4
   567 | D:1      | Reached skill level 5 in Bows
   796 | D:1      | Reached XP level 3. HP: 20/20 MP: 5/5
  1529 | D:2      | Reached skill level 6 in Bows
  1664 | D:2      | Reached XP level 4. HP: 16/25 MP: 6/6
  2417 | D:2      | Found a basalt altar of Yredelemnul.
  2617 | D:3      | Reached XP level 5. HP: 18/29 MP: 7/7
  2662 | D:3      | Reached skill level 7 in Bows
  2669 | D:3      | Found a glowing drain.
  2696 | Sewer    | Entered a sewer
  3245 | Sewer    | Reached skill level 8 in Bows
  3245 | Sewer    | Reached XP level 6. HP: 18/34 MP: 8/8
  4062 | Sewer    | Reached skill level 9 in Bows
  4364 | Sewer    | Reached XP level 7. HP: 35/38 MP: 9/9
  4579 | D:3      | Noticed Jessica
  4582 | D:3      | Killed Jessica
  4583 | D:3      | Noticed Grinder
  4603 | D:3      | Killed Grinder
  4651 | D:3      | Found a shadowy altar of Dithmenos.
  4651 | D:3      | Found a stormy altar of Qazlal.
  4655 | D:3      | Became a worshipper of Dithmenos the Shadowed
  4986 | D:3      | Found an opulent altar of Gozag.
  5494 | D:4      | Found an oddly glowing altar of Pakellas.
  5808 | D:4      | Reached skill level 10 in Bows
  5808 | D:4      | Reached XP level 8. HP: 31/45 MP: 10/10
  5998 | D:4      | Reached * piety under Dithmenos
  6211 | D:5      | Entered Level 5 of the Dungeon
  6256 | D:5      | Killed from afar by an orc priest

Vault maps used:
D:1:      dpeg_arrival_rooms_with_view, minivault_24
D:2:      lemuel_crystal_altar
D:3:      gammafunk_temple_overflow_elements, portal_sewer_entry_f, first_bread,
          nicolae_gozag_seed_capital, uniq_jessica, uniq_grinder
D:4:      lemuel_doored_altar, nicolae_overflow_hidden_temple
D:5:      kennysheep_big_flooded_room, cheibriados_altar_1, tgw_kikubaaqudgha,
          uniq_pikel
Sewer:    sewer_co_tree

Action                   |  1- 3 |  4- 6 |  7- 9 || total
-------------------------+-------+-------+-------++-------
Melee: Whip              |    49 |       |       ||    49
       Short sword       |    64 |   215 |   168 ||   447
 Fire: Shortbow          |    39 |     7 |    19 ||    65
  Use: Scroll            |       |     3 |     4 ||     7
       Potion            |       |       |     2 ||     2
  Eat: Chunk             |     2 |     4 |     4 ||    10
       Beef jerky        |       |     1 |     1 ||     2
       Bread ration      |       |     1 |       ||     1
